 Dungeon Crawl Stone Soup version 0.28.0-53-g5a82cb258f (webtiles) character file.

Game seed: 17231846154067524047

96 firemarshallily the Skirmisher (level 4, 0/52 HPs)
             Began as a Demonspawn Monk on June 22, 2022.
             Was a Priest of Kikubaaqudgha.
             Slain by a gnoll
             ... wielding a +0 whip
              (3 damage)
             ... on level 3 of the Dungeon.
             The game lasted 00:12:22 (3100 turns).

firemarshallily the Skirmisher (Demonspawn Monk)    Turns: 3100, Time: 00:12:23

Health: 0/52       AC: 22    Str:  9 (11) XL:     4   Next: 41%
Magic:  6/6        EV:  2    Int: 10 (13) God:    Kikubaaqudgha [***...]
Gold:   67         SH:  0    Dex: 13 (16) Spells: 5/6 levels left

rFire   . . .      SeeInvis +   a - +0 mace
rCold   . . .      Faith    .   (no shield)
rNeg    . . .      Spirit   .   (armour currently unavailable)
rPois   +          Reflect  .   (helmet currently unavailable)
rElec   .          Harm     .   (cloak currently unavailable)
rCorr   .          Rampage  .   (gloves currently unavailable)
Will    .....      NoTele   +   (boots currently unavailable)
Stlth   ++........              (no amulet)
HPRegen 0.17/turn               i - ring of see invisible
MPRegen 0.10/turn               (no ring)

@: tree-form, on berserk cooldown, slowed, very slow
A: stationary, stasis, torment immunity, boosted hp, powered by death 1, demonic
magic 1
a: Renounce Religion, Receive Corpses


You were on level 3 of the Dungeon.
You worshipped Kikubaaqudgha.
Kikubaaqudgha was most pleased with you.
You were a tree.
You visited 1 branch of the dungeon, and saw 3 of its levels.

You collected 67 gold pieces.

Inventory:

Hand Weapons
 a - a +0 mace (weapon)
Missiles
 d - 50 stones (quivered)
Armour
 j - a +2 robe of willpower (melded)
Jewellery
 i - a ring of see invisible (left branch)
Scrolls
 e - 2 scrolls of immolation
 g - 2 scrolls of teleportation
Potions
 c - 2 potions of flight


   Skills:
 + Level 3.5 Fighting
 - Level 3.0 Maces & Flails
 - Level 3.0 Dodging
 - Level 2.0 Stealth
 * Level 1.8 Spellcasting
 * Level 2.0 Necromancy


You had 5 spell levels left.
You knew the following spells:

 Your Spells              Type           Power      Damage    Failure   Level
a - Animate Skeleton      Necr           10%        N/A       14%         1

Your spell library contained the following spells:

 Spells                   Type           Power      Damage    Failure   Level
 Corpse Rot               Necr/Air       4%         N/A       32%         2
 Vampiric Draining        Necr           5%         2d6       38%         3
 Animate Dead             Necr           2%         N/A       80%         4
 Dispel Undead            Necr           5%         3d7       80%         4
 Agony                    Necr           5%         N/A       98%         5
 Borgnjor's Vile Clutch   Necr/Erth      1%         N/A       99%         5
 Death Channel            Necr           2%         N/A       100%        6
 Simulacrum               Ice/Necr       1%         N/A       100%        6


Dungeon Overview and Level Annotations

Branches:
Dungeon (3/15)

Altars:
Kikubaaqudgha


Innate Abilities, Weirdness & Mutations

You are a tree.
Your roots penetrate the ground, keeping you stationary.
You cannot be teleported.
You are immune to unholy pain and torment.
Your maximum health is greatly increased.
Your equipment is partially melded.
You regenerate a little health from kills.
Spells you cast may paralyse adjacent enemies.


Message History

The gnoll hits you from afar with a +1 halberd of flaming.
The gnoll burns you.
The gnoll hits you but does no damage. x2
As you read the scroll labelled TEKICWA TARCHETY, it crumbles to dust.
It is a scroll of amnesia.
Really abort (and waste the scroll)?
Okay, then.
The giant cockroach bites you but does no damage. x2
The gnoll hits you but does no damage.
The gnoll hits you from afar with a +0 spear.
The giant cockroach bites you but does no damage.
The gnoll hits you with a +0 whip.
* * * LOW HITPOINT WARNING * * *
The giant cockroach bites you but does no damage.
The ball python hisses angrily.
You hit the giant cockroach.
You kill the giant cockroach!
Kikubaaqudgha accepts your kill. The gnoll hits you but does no damage.
The giant cockroach bites you but does no damage.
The gnoll hits you but does no damage. x3; The giant cockroach bites you.
* * * LOW HITPOINT WARNING * * *
The gnoll hits you but does no damage. The gnoll barely misses you.
You hit the gnoll.
The gnoll is moderately wounded.
The giant cockroach bites you but does no damage.
The gnoll hits you from afar with a +1 halberd of flaming.
* * * LOW HITPOINT WARNING * * *
The gnoll burns you.
* * * LOW HITPOINT WARNING * * *
The gnoll hits you but does no damage. x2
The giant cockroach barely misses you.
The gnoll hits you from afar with a +1 halberd of flaming.
* * * LOW HITPOINT WARNING * * *
The gnoll burns you.
* * * LOW HITPOINT WARNING * * *
The gnoll hits you from afar with a +0 spear.
* * * LOW HITPOINT WARNING * * *
The gnoll hits you with a +0 whip.
You die...
Kikubaaqudgha rasps: "You have failed me!
Welcome... death!"

####.##........#########...###
..##.....#........# #..#...#
..!...............### #..###..
....................## #...####
.....................## #.#.# #
...........##.........# ##.#.####
...........##.........###........
...........##.gB.................
#.............gS♣......##........
...........#...g.................
#..........##.........##.........
#..........##.........##.........
......................##..##.####
...?.......#.................#
#.#.......###...............##
#........## #..........####...#
#........## ###.#


You could see 3 gnolls, a giant cockroach and a ball python.

Vanquished Creatures
  Jessica (D:2)
  An adder (D:3)
  3 dart slugs
  4 ball pythons
  5 bats
  5 endoplasms
  8 giant cockroaches
  A goblin (D:1)
  6 hobgoblins
  2 jackals (D:1)
  A kobold (D:1)
  5 quokkas
  2 frilled lizards (D:2)
  4 rats
48 creatures vanquished.

Notes
Turn   | Place    | Note
-------+----------+-------------------------------------------
     0 | D:1      | firemarshallily the Demonspawn Monk began the quest for the
                  | Orb.
     0 | D:1      | Reached XP level 1. HP: 18/18 MP: 1/1
   345 | D:1      | Found a faded altar of an unknown god.
   383 | D:1      | Prayed at the altar of an unknown god.
   383 | D:1      | Became a worshipper of Kikubaaqudgha
   383 | D:1      | Reached * piety under Kikubaaqudgha
   383 | D:1      | Received a gift from Kikubaaqudgha
   383 | D:1      | Reached ** piety under Kikubaaqudgha
   665 | D:1      | Gained mutation: You regenerate a little health from kills.
                  | [demonic ancestry]
   665 | D:1      | Reached XP level 2. HP: 17/24 MP: 2/2
  1227 | D:1      | Learned a level 1 spell: Animate Skeleton
  1265 | D:1      | Reached *** piety under Kikubaaqudgha
  1265 | D:1      | Received a gift from Kikubaaqudgha
  1474 | D:1      | Gained mutation: Spells you cast may paralyse adjacent
                  | enemies. [demonic ancestry]
  1474 | D:1      | Reached XP level 3. HP: 29/29 MP: 4/4
  2037 | D:2      | Reached skill level 1 in Spellcasting
  2040 | D:2      | Reached skill level 1 in Necromancy
  2336 | D:2      | Noticed Jessica
  2346 | D:2      | Killed Jessica
  2347 | D:2      | Reached XP level 4. HP: 17/35 MP: 4/6
  3100 | D:3      | Slain by a gnoll

Illustrated notes

Levels and vault maps discovered:
D:1:      kennysheep_arrival_seaside, layout_basic,
          chequers_ecumenical_altar_island, nicolae_figureground_pulse
D:2:      layout_basic, uniq_jessica
D:3:      layout_rooms

Skill      XL: |  1  2  3  4 |
---------------+-------------+-----
Stealth        | 2 |  2.0
Maces & Flails | 3 |  3.0
Dodging        | 3 |  3.0
Spellcasting   | 1 |  1.8
Necromancy     | 1 2 |  2.0
Fighting       | |  3.5

Action                   |  1- 3 |  4- 6 || total
-------------------------+-------+-------++-------
Melee: Mace              |   142 |    42 ||   184
       Punch             |     2 |       ||     2
 Cast: Animate Skeleton  |     3 |       ||     3
  Use: Scroll            |     5 |     1 ||     6
       Potion            |       |     5 ||     5
 Stab: Sleeping          |     4 |     1 ||     5
Armor: Robe              |    31 |    13 ||    44
       Skin              |       |    36 ||    36
Dodge: Dodged            |   114 |    40 ||   154
